AoeStats
← user89

Nomad

503382010Analyzed
2v2 RM · 1mo ago on Aug 31, 2026· 69m 25s· 4 players
Game mode
Random Map
Map size
176×176
Population
200
Speed
Normal
Resources
Standard
Victory
Conquest
Starting age
Dark Age
Ending age
Imperial Age
RankedLock teamsTeams togetherTeam positionsShared explorationLock speedFull tech treeHidden civsTurbo modeCheats
Victory
Defeat
776
+19
🇪🇸 Vikings · Spain
774
+20
🇷🇺 Franks · Russia
861
-20
🇷🇺 Spanish · Russia
843
-19
user89
4:56 Loom
15:08 Feudal Age
19:03 Wheelbarrow
18:45 Fishing Lines
18:38 Man-at-Arms
19:39 Forging
21:34 Castle Age
19:48 Double-Bit Axe
22:06 Bloodlines
22:51 Bow Saw
22:25 Horse Collar
22:38 Gold Mining
23:07 Hand Cart
24:20 Scale Mail Armor
27:58 Scale Barding Armor
32:08 Heavy Plow
32:22 Elite Skirmisher
34:19 Thumb Ring
39:42 Imperial Age
37:51 Ballistics
38:19 Iron Casting
37:37 Fletching
37:47 Padded Archer Armor
39:31 Masonry
39:17 Murder Holes
39:44 Onager
41:12 Hoardings
42:48 Chemistry
42:29 Conscription
42:27 Husbandry
44:04 Supremacy
44:08 Bombard Tower
49:04 Cavalier
51:44 Paladin
53:25 Chain Mail Armor
53:30 Chain Barding Armor
53:46 Iron Casting
53:44 Architecture
53:02 Arrowslits
53:08 Guard Tower
SectoR
8:48 Loom
15:43 Feudal Age
16:40 Double-Bit Axe
22:41 Stone Mining
25:09 Castle Age
23:51 Fishing Lines
25:41 Town Watch
27:19 Gillnets
35:17 Imperial Age
34:54 Siphons
36:06 Medium Warships
36:48 Forging
36:39 Scale Mail Armor
36:33 Fletching
36:56 Forging
36:47 Scale Mail Armor
39:13 Gold Mining
42:16 Chemistry
45:31 Iron Casting
52:20 Clinker Construction
53:58 Heavy Warships
54:08 Husbandry
54:44 Scale Barding Armor
54:05 Cavalier
55:41 Conscription
56:15 Wheelbarrow
55:41 Town Patrol
56:22 Gold Shaft Mining
55:59 Bow Saw
61:19 Chivalry
62:18 Ballistics
62:13 Masonry
65:17 Blast Furnace
64:38 Chain Barding Armor
65:50 Paladin
sergiopinocarnerero1995
7:18 Loom
16:06 Feudal Age
18:54 Double-Bit Axe
22:15 Castle Age
20:04 Horse Collar
23:44 Wheelbarrow
23:54 Bow Saw
23:45 Heavy Plow
24:29 Forging
24:21 Scale Mail Armor
27:34 Iron Casting
30:46 Hand Cart
32:47 Fletching
32:57 Padded Archer Armor
38:31 Bodkin Arrow
38:51 Leather Archer Armor
39:20 Elite Skirmisher
42:57 Imperial Age
44:10 Bracer
44:40 Ring Archer Armor
46:34 Chemistry
47:38 Ballistics
57:33 Hoardings
rubi_0195
11:08 Loom
14:55 Feudal Age
21:22 Castle Age
19:58 Fishing Lines
20:11 Double-Bit Axe
20:19 Horse Collar
28:19 Imperial Age
26:29 Bow Saw
26:49 Heavy Plow
26:55 Gambesons
27:38 Forging
27:06 Man-at-Arms
28:29 Gold Mining
28:48 Gillnets
28:37 Long Swordsman
29:45 Squires
30:56 Two-Handed Swordsman
31:23 Arson
31:52 Scale Mail Armor
31:55 Pikeman
36:40 Chemistry
37:23 Iron Casting
37:51 Conscription
39:33 Chieftains
41:50 Light Cavalry
44:52 Chain Mail Armor
51:59 Champion
57:29 Blast Furnace
59:50 Crop Rotation
61:37 Bogsveigar
65:23 Elite Berserk
Connection lost

Rejoining the realm…

Still unreachable

The connection could not be restored.

Session expired

The server has moved on; the page needs a fresh start.